Map: Bel'Shir Vestige LE (Void)

Players

ShoWTimE

  • Race: Protoss Protoss
  • Spawn Location: 11:00

Neeb - Winner!

  • Race: Protoss Protoss
  • Spawn Location: 5:00

Event: WCS Austin 2017

VOD

Have the link to the VOD?

Description

Time

  • Played on: April 29, 2017, 9:06 p.m.
  • Length: 9:25

All games in this series

Show
View Real Time Build Order
Export as new Build Order

ShoWTimE Protoss 

Build Orders: Blink Stalkers 

Get SALT Encoding   

  12  0:00  Probe (Chrono Boost)  
  13  0:11  Probe (Chrono Boost)  
  14  0:17  Pylon  
  14  0:22  Probe (Chrono Boost)  
  15  0:36  Probe (Chrono Boost)  
  15  0:37  Gateway  
  16  0:43  Assimilator  
  16  0:46  Probe (Chrono Boost)  
  17  0:50  Assimilator  
  18  0:57  Probe (Chrono Boost)  
  18  1:06  Gateway  
  18  1:07  Probe (Chrono Boost)  
  19  1:18  Probe (Chrono Boost)  
  20  1:25  Cybernetics Core  
  20  1:28  Probe (Chrono Boost)  
  21  1:33  Pylon  
  21  1:39  Probe (Chrono Boost)  
  22  1:49  Probe (Chrono Boost)  
  22  1:51  Warp Gate  
  24  2:01  Probe (Chrono Boost), Stalker  
  24  2:02  Stalker  
  24  2:07  Pylon  
  28  2:14  Mothership Core (Chrono Boost)  
  30  2:37  Nexus  
  30  2:47  Twilight Council  
  30  2:54  Stalker  
  32  3:01  Stalker  
  35  3:06  Probe (Chrono Boost)  
  35  3:08  Blink  
  35  3:13  Pylon  
  35  3:18  Probe (Chrono Boost)  
  36  3:32  Probe (Chrono Boost)  
  37  3:40  Robotics Facility  
  36  3:46  Probe (Chrono Boost)  
  37  3:53  Probe (Chrono Boost)  
  38  3:58  Stalker  
  38  4:00  Probe (Chrono Boost)  
  41  4:03  Stalker  
  41  4:06  Probe (Chrono Boost)  
  44  4:13  Probe (Chrono Boost)  
  44  4:16  Probe (Chrono Boost)  
  46  4:22  Stalker  
  49  4:25  Probe (Chrono Boost), Pylon  
  49  4:27  Probe (Chrono Boost)  
  49  4:29  Observer  
  51  4:37  Probe (Chrono Boost), Stalker  
  51  4:38  Probe (Chrono Boost)  
  55  4:42  Pylon  
  53  4:48  Stalker  
  53  4:49  Probe (Chrono Boost)  
  53  4:51  Probe (Chrono Boost)  
  58  5:01  Probe x2 (Chrono Boost)  
  58  5:02  Stalker  
  58  5:05  Assimilator  
  61  5:07  Assimilator  
  61  5:11  Observer  
  61  5:12  Probe (Chrono Boost)  
  61  5:13  Probe (Chrono Boost)  
  64  5:18  Stalker  
  66  5:22  Probe (Chrono Boost)  
  66  5:23  Gateway  
  66  5:25  Probe (Chrono Boost), Stalker  
  70  5:33  Probe (Chrono Boost)  
  70  5:35  Gateway  
  71  5:39  Immortal  
  75  5:49  Stalker  
  77  5:51  Probe (Chrono Boost)  
  77  5:52  Probe (Chrono Boost)  
  71  6:02  Forge, Stalker  
  71  6:15  Pylon, Stalker  
  73  6:24  Probe (Chrono Boost), Immortal  
  73  6:25  Probe (Chrono Boost)  
  75  6:33  Protoss Ground Weapons Level 1  
  75  6:34  Probe (Chrono Boost), Robotics Bay  
  76  6:40  Sentry  
  76  6:46  Probe x2 (Chrono Boost)  
  80  6:56  Sentry  
  80  6:57  Pylon  
  82  7:03  Nexus  
  82  7:06  Pylon  
  82  7:11  Probe x2 (Chrono Boost)  
  84  7:19  Disruptor  
  84  7:20  Pylon  
  84  7:21  Stalker x2  
  88  7:28  Probe (Chrono Boost)  
  93  7:30  Probe (Chrono Boost)  
  93  7:31  Stalker  
  93  7:35  Stalker  
  97  7:42  Probe x2 (Chrono Boost)  
  99  7:44  Stalker  
  99  7:46  Stalker  
  99  7:50  Disruptor  
  103  7:54  Probe x2 (Chrono Boost)  
  110  8:06  Probe x2 (Chrono Boost)  
  110  8:07  Robotics Facility  
  110  8:18  Probe (Chrono Boost)  
  105  8:21  Disruptor  
  100  8:27  Stalker x3  
  100  8:31  Zealot  
  99  8:53  Stalker x4  
  103  9:07  Pylon  
  103  9:09  Pylon  
  106  9:10  Pylon  
Show
View Real Time Build Order
Export as new Build Order

Neeb Protoss - Winner!

Build Orders:  

Get SALT Encoding   

  12  0:00  Probe (Chrono Boost)  
  13  0:11  Probe (Chrono Boost)  
  14  0:18  Pylon  
  14  0:21  Probe (Chrono Boost)  
  15  0:36  Probe (Chrono Boost), Gateway  
  16  0:42  Assimilator  
  16  0:47  Probe (Chrono Boost)  
  16  0:49  Assimilator  
  17  0:57  Probe (Chrono Boost)  
  18  1:04  Gateway  
  18  1:08  Probe (Chrono Boost)  
  20  1:18  Probe (Chrono Boost)  
  20  1:23  Cybernetics Core  
  20  1:29  Probe (Chrono Boost)  
  20  1:30  Pylon  
  21  1:39  Probe (Chrono Boost)  
  22  1:48  Warp Gate  
  22  1:50  Probe (Chrono Boost)  
  23  2:01  Mothership Core (Chrono Boost)  
  25  2:02  Adept x2  
  29  2:10  Pylon  
  29  2:20  Probe (Chrono Boost)  
  30  2:29  Sentry, Stalker  
  34  2:54  Nexus  
  34  2:57  Probe (Chrono Boost)  
  35  3:02  Robotics Facility  
  35  3:09  Probe (Chrono Boost)  
  36  3:13  Stalker  
  36  3:19  Pylon  
  38  3:25  Probe (Chrono Boost)  
  39  3:31  Twilight Council  
  39  3:39  Probe (Chrono Boost)  
  40  3:48  Warp Prism  
  40  3:51  Probe (Chrono Boost)  
  43  3:58  Stalker  
  46  4:03  Stalker  
  47  4:11  Probe (Chrono Boost)  
  47  4:12  Probe (Chrono Boost)  
  47  4:16  Blink  
  49  4:22  Probe (Chrono Boost)  
  49  4:23  Observer  
  51  4:25  Probe (Chrono Boost)  
  51  4:30  Sentry  
  54  4:38  Probe (Chrono Boost), Stalker  
  56  4:39  Probe (Chrono Boost)  
  58  4:48  Probe (Chrono Boost)  
  58  4:51  Probe (Chrono Boost)  
  58  4:53  Gateway  
  58  4:54  Pylon  
  58  4:57  Stalker  
  58  4:59  Probe (Chrono Boost)  
  61  5:03  Probe (Chrono Boost)  
  62  5:09  Pylon  
  63  5:14  Probe (Chrono Boost), Immortal  
  63  5:21  Stalker  
  68  5:23  Probe (Chrono Boost)  
  68  5:28  Stalker  
  69  5:31  Probe (Chrono Boost)  
  69  5:35  Assimilator x2, Probe (Chrono Boost)  
  71  5:40  Forge, Pylon  
  72  5:43  Probe (Chrono Boost)  
  71  5:57  Robotics Facility  
  71  5:58  Probe (Chrono Boost)  
  71  6:00  Probe (Chrono Boost)  
  71  6:04  Stalker x2  
  77  6:09  Probe (Chrono Boost)  
  77  6:10  Protoss Ground Weapons Level 1  
  79  6:13  Probe (Chrono Boost)  
  79  6:20  Probe (Chrono Boost)  
  80  6:30  Probe (Chrono Boost)  
  80  6:32  Stalker x2  
  81  6:35  Stalker  
  81  6:38  Probe (Chrono Boost)  
  84  6:42  Probe (Chrono Boost)  
  84  6:43  Observer  
  84  6:44  Pylon  
  86  6:49  Nexus  
  86  6:52  Pylon  
  86  7:03  Sentry  
  86  7:04  Probe x2 (Chrono Boost), Sentry x2  
  86  7:05  Pylon  
  94  7:11  Gateway x2  
  94  7:14  Immortal  
  96  7:16  Probe x2 (Chrono Boost)  
  96  7:21  Gateway  
  100  7:26  Pylon  
  100  7:28  Probe (Chrono Boost)  
  100  7:29  Pylon  
  102  7:30  Probe (Chrono Boost)  
  102  7:36  Stalker  
  102  7:37  Stalker  
  106  7:40  Stalker  
  108  7:45  Robotics Bay  
  108  7:47  Probe (Chrono Boost)  
  109  7:56  Probe (Chrono Boost)  
  111  8:00  Probe (Chrono Boost)  
  111  8:04  Probe (Chrono Boost)  
  111  8:05  Stalker x3  
  118  8:10  Assimilator  
  118  8:11  Assimilator, Probe (Chrono Boost)  
  119  8:19  Probe (Chrono Boost)  
  112  8:28  Stalker x5  
  112  8:33  Probe x2 (Chrono Boost)  
  124  8:36  Probe (Chrono Boost)  
  121  8:45  Probe (Chrono Boost)  
  121  8:46  Probe (Chrono Boost)  
  121  8:52  Stalker x6  
  136  9:07  Robotics Facility  
  136  9:10  Pylon  
  134  9:25  Stalker x3  
Tags
 
Add a new tag
Caveats
  • Supply blocks, unpowered buildings, or Contaminate may cause inaccurate times.
  • Supply counts are checked every 10 seconds.